 Dungeon Crawl Stone Soup version 0.29-a0-284-gf9362112df (webtiles) character file.

Game seed: 1049447579585117819

13098 Ajdolov the Whirler (level 11, -3/58 HPs)
             Began as a Spriggan Hunter on Mar 15, 2022.
             Was an Initiate of Dithmenos.
             Slain by a boulder beetle (20 damage)
             ... on level 10 of the Dungeon.
             The game lasted 00:38:08 (18090 turns).

Ajdolov the Whirler (Spriggan Hunter)              Turns: 18090, Time: 00:38:09

Health: -3/58      AC:  8    Str:  7    XL:     11   Next: 71%
Magic:  12/12      EV: 23    Int: 10    God:    Dithmenos [......]
Gold:   654        SH:  0    Dex: 24    Spells: 10/10 levels left

rFire   + . .      SeeInvis +   a - +1 hunting sling
rCold   . . .      Faith    .   (no shield)
rNeg    . . .      Spirit   .   G - +0 steam dragon scales
rPois   .          Reflect  .   (helmet restricted)
rElec   .          Harm     .   B - +1 cloak
rCorr   .          Rampage  .   (gloves unavailable)
Will    +....                   (boots unavailable)
Stlth   +++++.....              (no amulet)
HPRegen 0.19/turn               r - ring of protection from fire
MPRegen 0.13/turn               (no ring)

@: studying Unarmed Combat, very quick
A: very small, no large weapons, unfitting armour, see invisible, speed 3
a: Renounce Religion


You were on level 10 of the Dungeon.
You worshipped Dithmenos.
Dithmenos was noncommittal.
You visited 2 branches of the dungeon, and saw 12 of its levels.
You also visited: Sewer.

You collected 654 gold pieces.

Inventory:

Hand Weapons
 a - a +1 hunting sling (weapon)
Missiles
 D - 2 curare-tipped darts
 J - a throwing net
Armour
 B - a +1 cloak (worn)
 G - +0 steam dragon scales (worn)
Jewellery
 j - a ring of wizardry
 r - a ring of protection from fire (left hand)
 F - a ring of wizardry
 I - a +6 ring of intelligence
Wands
 v - a wand of flame (9)
 H - a wand of polymorph (2)
Scrolls
 c - 5 scrolls of immolation
 d - 5 scrolls of teleportation
 g - 3 scrolls of fear
 h - 3 scrolls of amnesia
 i - a scroll of enchant weapon {unknown}
 t - a scroll of torment {unknown}
 w - a scroll of holy word {unknown}
 x - a scroll of silence {unknown}
 y - a scroll of magic mapping {unknown}
 z - a scroll of summoning {unknown}
 E - 3 scrolls of vulnerability
 L - a scroll of acquirement {unknown}
Potions
 f - 7 potions of curing
 k - 3 potions of heal wounds
 l - 3 potions of might {unknown}
 m - a potion of magic {unknown}
 n - a potion of invisibility {unknown}
 o - 4 potions of berserk rage
 p - 5 potions of flight
 q - 2 potions of cancellation {unknown}
 s - 3 potions of attraction {unknown}
 u - 2 potions of haste
 A - a potion of mutation {unknown}
 C - 2 potions of degeneration {unknown}
 K - 2 potions of brilliance {unknown}


   Skills:
 * Level 6.9 Fighting
 - Level 16.0 Slings
 * Level 6.0 Armour
 - Level 7.0 Dodging
 - Level 10.0 Stealth


You had 10 spell levels left.
You didn't know any spells.
Your spell library contained the following spells:

 Spells                   Type           Power      Damage    Failure   Level
 Freeze                   Ice            0%         1d3       36%         1
 Sublimation of Blood     Necr           0%         N/A       50%         2
 Wereblood                Tmut           0%         N/A       50%         2
 Frozen Ramparts          Ice            0%         1d2       75%         3
 Hailstorm                Conj/Ice       0%         3d3       98%         4
 Petrify                  Tmut/Erth      0%         N/A       98%         4
 Irradiate                Conj/Tmut      0%         3d13      100%        5
 Summon Hydra             Summ           0%         N/A       100%        7


Dungeon Overview and Level Annotations

Branches:
Dungeon (11/15)            Temple (1/1) D:6           Sewer (visited)
   Lair: D:8-11         Orc: D:9-12

Altars:
Ashenzari
Cheibriados
Dithmenos
Elyvilon
Fedhas
Gozag
Hepliaklqana
Kikubaaqudgha
Makhleb
Nemelex Xobeh
Okawaru
Qazlal
Ru
Sif Muna
Trog
Uskayaw
Vehumet
Wu Jian
Xom
Yredelemnul
Zin
The Shining One

Shops:
D:7 *

Annotations:
D:7 2 transporters, anonymous's ghost, novice NaGl
D:8 Erica
D:10 Erolcha; Urug
D:11 Gastronok


Innate Abilities, Weirdness & Mutations

You are very small and have problems with some larger weapons.
You are too small for most types of armour.
You have supernaturally acute eyesight. (SInv)
You cover ground extremely quickly. (Speed+++)


Message History

The sling bullet hits the boulder beetle!
The boulder beetle is moderately wounded.
The boulder beetle attacks as you move away!
The boulder beetle hits you!!!
Ouch! That really hurt!
* * * LOW HITPOINT WARNING * * *
The boulder beetle stops rolling and uncurls.
There is a stone staircase leading down here.
The boulder beetle curls into a ball and begins rolling!
You are too injured to fight recklessly!
You are too injured to fight recklessly!
Unknown command.
The boulder beetle closely misses you.
The boulder beetle stops rolling and uncurls.
The boulder beetle curls into a ball and begins rolling!
The boulder beetle misses you.
The boulder beetle stops rolling and uncurls.
The boulder beetle waves its antennae.
The boulder beetle waves its antennae.
There is a stone staircase leading down here.
You climb downwards.
Level annotation: Gastronok Gastronok gurgles horribly!
The yak bellows!
The yak misses you.
There is a stone staircase leading up here.
Found 2 smoky yellow potions.
Gastronok gurgles, "I'll eat you, I will!"
Gastronok's eyestalks stretch out, then return to normal size.
Found a book of Touch.
The yak gores you!
* * * LOW HITPOINT WARNING * * *
Found a stone staircase leading down.
There is a stone staircase leading up here.
The boulder beetle misses you.
You climb upwards.
Level annotation: Erolcha; Urug
There is a stone staircase leading down here.
The boulder beetle waves its antennae.
The boulder beetle bites you!!
You die...

#### #### ###... ##
######..## ##.....
###.#####..<.....###
##......
##...##...........>.#
#.......
##...##.............##
#.......
##..####.............#
#....... #..##
#........B....# #.......
##.## ##......@.....##
#....... #..#
#.............###.......
..##
##..........(..##.......
.##
##............##.......
##
##........##).#(...... #
##..(.######..##.....
##..## ##.####### ##..#
#..## ##..## #######..##


You could see a boulder beetle.

Vanquished Creatures
  An ogre mage (D:10)
  2 two-headed ogres (D:10)
  An orc knight (D:9)
  2 deep elf pyromancers
  2 cyclopes
  Maurice (D:8)
  Joseph (D:10)
  2 gargoyles
  A kobold demonologist (D:10)
  An unseen horror (D:8)
  A freezing wraith (D:9)
  A meliai (D:10)
  2 trolls
  Prince Ribbit (D:8)
  2 hornets
  Grinder (D:4)
  A shadow (D:10)
  2 wyverns
  6 yaks
  A wraith (D:9)
  2 steam dragons
  A sky beast (D:8)
  An ice beast (D:7)
  2 orc warriors
  2 centaurs
  3 phantoms
  Blork the orc (D:6)
  6 kobold brigands
  4 bullfrogs
  A necrophage (D:5)
  4 scorpions
  3 gnoll sergeants
  13 wights
  5 killer bees (D:9)
  2 vampire bats (D:4)
  A howler monkey (D:8)
  3 jellies
  3 hounds
  4 orc priests
  A gnoll shaman (D:8)
  6 iguanas
  5 orc wizards
  Robin (D:3)
  21 gnolls
  14 adders
  3 river rats
  2 shadow imps
  A white imp (D:5)
  A worm (D:5)
  10 dart slugs
  24 orcs
  7 bats
  A bat skeleton (D:4)
  4 bat zombies (D:4)
  9 endoplasms
  13 goblins
  11 hobgoblins
  8 jackals
  16 kobolds
  9 quokkas
  17 ball pythons
  7 frilled lizards
  30 rats
314 creatures vanquished.

Vanquished Creatures (others)
  3 fungi (D:4)
  4 plants (D:4)
7 creatures vanquished.

Grand Total: 321 creatures vanquished

Notes
Turn   | Place    | Note
-------+----------+-------------------------------------------
     0 | D:1      | Ajdolov the Spriggan Hunter began the quest for the Orb.
     0 | D:1      | Reached XP level 1. HP: 10/10 MP: 2/2
    43 | D:1      | Reached skill level 5 in Slings
    76 | D:1      | Reached XP level 2. HP: 11/14 MP: 3/3
   261 | D:1      | You fall into a shaft and drop 1 floor!
   339 | D:2      | Reached skill level 6 in Slings
   382 | D:1      | Reached XP level 3. HP: 18/18 MP: 4/4
   812 | D:2      | Reached XP level 4. HP: 22/22 MP: 5/5
  1040 | D:2      | Reached skill level 7 in Slings
  1072 | D:3      | Found a sparkling altar of Nemelex Xobeh.
  2006 | D:3      | Reached XP level 5. HP: 25/25 MP: 6/6
  2008 | D:3      | Noticed Robin
  2244 | D:3      | Killed Robin
  2276 | D:3      | Reached skill level 8 in Slings
  2895 | D:3      | Reached XP level 6. HP: 18/30 MP: 7/7
  3209 | D:3      | Reached skill level 9 in Slings
  3986 | D:4      | Noticed Grinder
  4125 | D:4      | Found a blossoming altar of Fedhas.
  4128 | D:4      | Found a stormy altar of Qazlal.
  4371 | D:4      | Killed Grinder
  4372 | D:4      | Reached skill level 10 in Slings
  4372 | D:4      | Reached XP level 7. HP: 21/33 MP: 8/8
  4491 | D:4      | Found a hide-covered altar of Uskayaw.
  4573 | D:4      | Reached skill level 11 in Slings
  4855 | D:4      | Found an ancient bone altar of Kikubaaqudgha.
  4995 | D:5      | Entered Level 5 of the Dungeon
  5654 | D:5      | Found a glowing drain.
  5671 | Sewer    | Entered a sewer
  5795 | Sewer    | Reached skill level 12 in Slings
  5808 | Sewer    | Reached XP level 8. HP: 14/37 MP: 9/9
  6745 | D:5      | Reached skill level 13 in Slings
  7147 | D:6      | Noticed Blork the orc
  7352 | D:6      | Killed Blork the orc
  7466 | D:6      | Found a staircase to the Ecumenical Temple.
  7485 | Temple   | Entered the Ecumenical Temple
  7779 | D:6      | Noticed a cyclops
  7829 | D:6      | Killed a cyclops
  7830 | D:6      | Reached skill level 14 in Slings
  7830 | D:6      | Reached XP level 9. HP: 20/41 MP: 10/10
  8653 | D:6      | Reached skill level 15 in Slings
  9598 | D:7      | Found a shimmering altar of Xom.
  9952 | D:7      | Found Nammirow's Assorted Antiques.
 10043 | D:7      | Found a transporter.
 10046 | D:7      | Noticed a moth of wrath
 10051 | D:7      | Found a bloodstained altar of Trog.
 10063 | D:7      | Noticed anonymous's ghost (novice NaGl)
 10072 | D:7      | Found a transporter.
 10086 | D:7      | Noticed a troll
 10117 | D:7      | Found an iron altar of Okawaru.
 10267 | D:7      | Found a burning altar of Makhleb.
 10267 | D:7      | Found a bloodstained altar of Trog.
 10412 | D:7      | Found an ornate altar of the Wu Jian Council.
 10599 | D:8      | Reached skill level 5 in Stealth
 10602 | D:8      | Reached skill level 5 in Dodging
 10782 | D:8      | Noticed Maurice
 10866 | D:8      | Killed Maurice
 10999 | D:8      | Noticed an unseen horror
 11057 | D:8      | Killed an unseen horror
 11058 | D:8      | Reached skill level 16 in Slings
 11058 | D:8      | Reached XP level 10. HP: 23/46 MP: 11/11
 11063 | D:8      | Noticed a gargoyle
 11382 | D:8      | Noticed Prince Ribbit
 11402 | D:8      | Killed Prince Ribbit
 11522 | D:8      | Noticed Erica
 12110 | D:8      | Killed a gargoyle
 12111 | D:8      | Reached skill level 1 in Armour
 13405 | D:9      | Reached skill level 10 in Stealth
 13855 | D:10     | Entered Level 10 of the Dungeon
 14123 | D:10     | Noticed a deep elf pyromancer
 14123 | D:10     | Noticed an ogre mage
 14123 | D:10     | Noticed a deep elf pyromancer
 14123 | D:10     | Noticed a boulder beetle
 14123 | D:10     | Noticed a deep elf pyromancer
 14123 | D:10     | Noticed a white ugly thing
 15335 | D:10     | Reached XP level 11. HP: 54/54 MP: 12/12
 15443 | D:10     | Found a shimmering blue altar of Sif Muna.
 15537 | D:10     | Noticed a two-headed ogre
 15563 | D:10     | Killed a two-headed ogre
 15564 | D:10     | Reached skill level 5 in Fighting
 15596 | D:10     | Noticed a two-headed ogre
 15631 | D:10     | Killed a two-headed ogre
 15699 | D:10     | Noticed Erolcha
 15717 | D:10     | Noticed Joseph
 15740 | D:10     | Noticed a white ugly thing
 15743 | D:10     | Noticed Urug
 15744 | D:10     | Noticed an orc knight
 15979 | D:10     | Noticed a death knight
 16004 | D:11     | Noticed a boulder beetle
 16395 | D:11     | Noticed Gastronok
 17024 | D:9      | Killed a deep elf pyromancer
 17025 | D:9      | Reached skill level 5 in Armour
 17115 | D:10     | Killed an ogre mage
 17270 | D:9      | Killed an orc knight
 17469 | D:10     | Killed a deep elf pyromancer
 17710 | D:10     | Found a shadowy altar of Dithmenos.
 17715 | D:10     | Became a worshipper of Dithmenos the Shadowed
 17791 | D:10     | Killed Joseph
 18090 | D:10     | Slain by a boulder beetle

Illustrated notes

Levels and vault maps discovered:
D:1:      moated_graveyard_arrival, layout_rooms
D:2:      layout_rooms
D:3:      kennysheep_slugbush, layout_basic, nemelex_xobeh_ov_fountains_minmay,
          bh_walls_and_bars, uniq_robin
D:4:      layout_basic, grunt_temple_overflow_forces_of_nature,
          kennysheep_vampire_church, eat_drink_and_be_merry_uskayaw,
          kennysheep_generic_room_4, uniq_grinder
D:5:      layout_loops_ring, gup_sewer_entry_bubbles, lightli_minifort
D:6:      layout_basic, temple_hall, minmay_misc_feat_diagonals,
          uniq_blork_the_orc
D:7:      layout_loops_cross, marbit_many_paths, kennysheep_mini_moat,
          mainiacjoe_overflow_alcove_2, gammafunk_temple_overflow_wave,
          gammafunk_ghost_wrathful_warriors, serial_shops, shop
D:8:      layout_loops_ring, minmay_manual_moon, uniq_prince_ribbit1,
          uniq_maurice, uniq_erica
D:9:      layout_layer_cave
D:10:     layout_cave_pods, grunt_dithmenos_shadows, kennysheep_orc_sif_temple,
          lair_entry_dummy, minivault_28, uniq_urug, uniq_joseph, uniq_erolcha
D:11:     layout_rooms, david_orc_4, uniq_gastronok
Temple:   zaba_magenta_temple

Skill      XL: |  1  2  3  4  5  6  7  8  9 10 11 |
---------------+----------------------------------+-----
Slings         | 5 6 7 8 10 12 14 16 | 16.0
Dodging        | 6 7 |  7.0
Stealth        | 7 10 | 10.0
Fighting       | 4 6 |  6.9
Armour         | 3 6 |  6.0

Action                   |  1- 3 |  4- 6 |  7- 9 | 10-12 || total
-------------------------+-------+-------+-------+-------++-------
 Fire: Hunting sling     |   120 |   274 |   610 |   902 ||  1906
Throw: Dart              |       |       |       |     2 ||     2
Evoke: Wand              |       |       |    15 |     8 ||    23
  Use: Scroll            |       |       |       |    11 ||    11
       Potion            |       |       |       |     2 ||     2
Armor: Robe              |     6 |     9 |    14 |       ||    29
       Steam dragon scal |       |       |     5 |    13 ||    18
Dodge: Dodged            |    38 |    71 |   218 |   150 ||   477

Table legend: (Time is in decaauts)
 A = Elapsed time spent in this place.
 B = Non-inter-level travel time spent in this place.
 C = Inter-level travel time spent in this place.
 D = Time resting spent in this place.
 E = Time spent auto-exploring this place.
 F = Levels seen in this place.
 G = Mean time per level.
                   A        B        C        D        E       F      G
               +--------+--------+--------+--------+--------+-----+--------+
         Total |  14116 |  13521 |    595 |   3901 |   6025 |  13 | 1085.8 |
       Dungeon |  13303 |  12715 |    588 |   3486 |   5829 |  11 | 1209.4 |
        Temple |     61 |     55 |      6 |      0 |     27 |   1 |   61.0 |
         Sewer |    751 |    751 |      0 |    415 |    169 |   1 |  751.0 |
               +--------+--------+--------+--------+--------+-----+--------+

Top non-repeatable levels by time:
    D:10: 2288 daAuts
     D:9: 2138 daAuts
     D:3: 1782 daAuts
     D:6: 1544 daAuts
     D:8: 1255 daAuts
     D:4: 1143 daAuts
     D:5: 1048 daAuts
     D:7: 1029 daAuts
   Sewer: 751 daAuts
     D:2: 647 daAuts
     D:1: 411 daAuts
  Temple: 61 daAuts
    D:11: 14 daAuts
